 Dungeon Crawl Stone Soup version 0.32-a0-872-g59262bd (webtiles) character file.

Game seed: 18112808579907108609

2120131 sdynet the Barachian Barricade (level 27, 229/229 HPs)
             Began as a Barachi Warper on Mar 28, 2024.
             Was an Initiate of Gozag.
             Escaped with the Orb
             ... and 4 runes on Mar 30, 2024!
             The game lasted 06:14:14 (80900 turns).

sdynet the Barachian Barricade (Barachi Warper)    Turns: 80900, Time: 06:14:15

Health: 229/229    AC: 32    Str: 20    XL:     27
Magic:  44/44      EV: 29    Int: 16    God:    Gozag
Gold:   1170       SH: 31    Dex: 26    Spells: 2/60 levels left

rFire   + + .        a - +10 zealot's sword {holy, Zealotry, *Rage rN+ EV+3, !d}
rCold   + + +        k - +3 tower shield
rNeg    + + +        x - +9 swamp dragon scales "Ahiadaf" {Rampage ^Drain +Inv rElec rPois}
rPois   +            j - -2 hat of the Alchemist {rElec rPois rF+ rC+ rN+ Will+ rMut rCorr}
rElec   +            l - +1 cloak
rCorr   +            s - +2 pair of gloves of Shadows and Fog {rF+ rCorr Str+4 Slay-2}
SInv    +            h - +1 pair of boots of Dishonesty {^Drain rC+ rCorr}
Will    +++++        W - amulet of Disaster {rF+ Regen+ RegenMP+ Slay+3}
Stlth   ++           z - ring "Ebing" {Will+ Dex+3 SInv Stlth+}
HPRegen 1.38/turn    P - ring of Tulips {Ice rN++ Will+ Dex+3}
MPRegen 0.69/turn

%: random rage (20%), resist mutation, rampage
@: on berserk cooldown, studying 2 skills, slow
A: amphibious, slowness 1, strong legs 2, +LOS, subdued magic 2, sturdy frame 1
0: Orb of Zot
}: 4/15 runes: decaying, silver, abyssal, gossamer
a: Hop, Renounce Religion, Evoke Invisibility, Potion Petition, Call Merchant,
Bribe Branch


You escaped.
You worshipped Gozag.
Gozag was most pleased with you.
You visited 11 branches of the dungeon, and saw 51 of its levels.
You visited the Abyss 1 time.
You also visited: Gauntlet and Ice Cave.

You collected 29067 gold pieces.
You spent 6233 gold pieces at shops.
You paid 21664 gold pieces to Gozag.

Inventory:

Hand Weapons
 a - the +10 zealot's sword (weapon) {holy, Zealotry, *Rage rN+ EV+3, !d}
   (You took it off a deep elf death mage on level 3 of the Elven Halls)

   Zealotry:  Whenever the wielder enters a berserk rage, their allies are
   berserked alongside them.
   EV+3:      It affects your evasion (+3).
   rN+:       It protects you from negative energy.
   *Rage:     It berserks you when you make melee attacks (+20% chance).
 b - a +9 spectral demon blade {!d}
Missiles
 c - 4 throwing nets
 C - 12 darts of dispersal
 Y - a curare-tipped dart
 Z - 36 poisoned darts
Armour
 g - a scarf of resistance
 h - the +1 pair of boots of Dishonesty (worn) {^Drain rC+ rCorr}
   (You found it on level 2 of the Elven Halls)

   rC+:       It protects you from cold.
   rCorr:     It protects you from acid and corrosion.
   ^Drain:    It drains your maximum health when unequipped.
 j - the -2 hat of the Alchemist (worn) {rElec rPois rF+ rC+ rN+ Will+ rMut rCorr}
   (You bought it in a shop on level 1 of the Vaults)

   rF+:       It protects you from fire.
   rC+:       It protects you from cold.
   rElec:     It insulates you from electricity.
   rPois:     It protects you from poison.
   rN+:       It protects you from negative energy.
   Will+:     It increases your willpower.
   rCorr:     It protects you from acid and corrosion.
   rMut:      It protects you from mutation.
 k - a +3 tower shield (worn)
 l - a +1 cloak (worn)
 s - the +2 pair of gloves of Shadows and Fog (worn) {rF+ rCorr Str+4 Slay-2}
   (You found it on level 1 of the Crypt)

   Str+4:     It affects your strength (+4).
   Slay-2:    It affects your accuracy & damage with ranged weapons and melee
   (-2).
   rF+:       It protects you from fire.
   rCorr:     It protects you from acid and corrosion.
 x - the +9 swamp dragon scales "Ahiadaf" (worn) {Rampage ^Drain +Inv rElec rPois}
   (You bought it in a shop on level 1 of the Lair of Beasts)

   rElec:     It insulates you from electricity.
   rPois:     It protects you from poison.
   +Inv:      It lets you turn invisible.
   ^Drain:    It drains your maximum health when unequipped.
   Rampage:   It bestows one free step when moving towards enemies.
Jewellery
 z - the ring "Ebing" (left hand) {Will+ Dex+3 SInv Stlth+}
   (You found it on level 13 of the Dungeon)

   [ring of willpower]

   Dex+3:     It affects your dexterity (+3).
   Will+:     It increases your willpower.
   SInv:      It lets you see invisible.
   Stlth+:    It makes you more stealthy.
 P - the ring of Tulips (right hand) {Ice rN++ Will+ Dex+3}
   (You found it on level 3 of the Crypt)

   [ring of ice]

   Ice:       It enhances your ice magic.
   Dex+3:     It affects your dexterity (+3).
   rF-:       It makes you vulnerable to fire.
   rC+:       It protects you from cold.
   rN++:      It greatly protects you from negative energy.
   Will+:     It increases your willpower.
 W - the amulet of Disaster (around neck) {rF+ Regen+ RegenMP+ Slay+3}
   (You took it off a deep elf annihilator on level 3 of the Elven Halls)

   [amulet of magic regeneration]

   It increases your rate of magic regeneration.
   Slay+3:    It affects your accuracy & damage with ranged weapons and melee
   (+3).
   rF+:       It protects you from fire.
   Regen+:    It increases your rate of health regeneration.
   RegenMP+:  It increases your rate of magic regeneration.
Wands
 d - a wand of acid (7)
 i - a wand of paralysis (29)
 L - a wand of warping (31)
 O - a wand of digging (28)
Scrolls
 e - 24 scrolls of teleportation {!r}
 f - 4 scrolls of revelation {!r}
 m - a scroll of immolation
 r - a scroll of butterflies
 t - 8 scrolls of vulnerability
 E - 14 scrolls of fear {!r}
 G - 7 scrolls of fog {!r}
 J - 13 scrolls of blinking
 M - 3 scrolls of silence {!r}
 T - 4 scrolls of poison
Potions
 n - 20 potions of curing {!q}
 p - 2 potions of might {!q}
 q - 4 potions of brilliance {!q}
 u - 8 potions of attraction
 A - 6 potions of cancellation {!q}
 B - 13 potions of mutation
 H - 8 potions of magic {!q}
 I - 10 potions of heal wounds {!q}
 N - 4 potions of enlightenment {!q!q}
 Q - 5 potions of resistance {!q}
 S - 3 potions of invisibility {!q}
 U - 4 potions of haste {!q}
Miscellaneous
 v - a lightning rod (4/4)
 w - a sack of spiders
 F - a phial of floods
 R - a phantom mirror
 X - a condenser vane


   Skills:
 - Level 21.4 Fighting
 - Level 20.0 Long Blades
 - Level 1.0 Throwing
 - Level 24.3 Armour
 - Level 17.0 Dodging
 - Level 6.0 Stealth
 O Level 27 Shields
 + Level 17.2 Spellcasting
 - Level 0.5 Conjurations
 - Level 4.0 Hexes
 - Level 12.0 Summonings
 - Level 12.0 Translocations
 - Level 7.0 Fire Magic
 - Level 4.0 Ice Magic
 - Level 7.0 Air Magic
 - Level 3.0 Earth Magic
 - Level 7.0 Alchemy
 - Level 9.0 Evocations


You had 2 spell levels left.
You knew the following spells:

 Your Spells              Type           Power      Damage    Failure   Level
a - Lesser Beckoning      Tloc           64%        N/A       0%          2
b - Teleport Other        Tloc           32%        N/A       1%          3
c - Vhi's Electric Charg  Tloc/Air       54%        N/A       1%          4
d - Maxwell's Portable P  Tloc           32%        2d(10-19) 1%          4
e - Frozen Ramparts       Ice            48%        1d8       1%          3
f - Summon Lightning Spi  Summ/Air       27%        N/A       1%          4
g - Gell's Gavotte        Tloc           16%        2d(18-27) 3%          6
h - Summon Forest         Summ/Tloc      16%        N/A       1%          5
i - Summon Cactus Giant   Summ           16%        N/A       3%          6
j - Dispersal             Tloc           16%        N/A       3%          6
q - Blink                 Tloc           64%        N/A       0%          2
s - Swiftness             Air            22%        N/A       1%          3
A - Apportation           Tloc           64%        N/A       0%          1
J - Jinxbite              Hex            32%        N/A       1%          2
O - Olgreb's Toxic Radia  Alch           22%        N/A       1%          4
P - Passwall              Erth           14%        N/A       2%          3

Your spell library contained the following spells:

 Spells                   Type           Power      Damage    Failure   Level
 Summon Small Mammal      Summ           100%       N/A       0%          1
 Call Imp                 Summ           64%        N/A       0%          2
 Foxfire                  Conj/Fire      64%        2x1d7     1%          1
 Magic Dart               Conj           36%        1d4       1%          1
 Shock                    Conj/Air       64%        1d7       1%          1
 Sting                    Conj/Alch      64%        1d7       1%          1
 Cigotuvi's Dreadful Rot  Necr/Alch/Air  34%        N/A       1%          2
 Ensorcelled Hibernation  Hex/Ice        48%        N/A       1%          2
 Mercury Vapours          Alch/Air       44%        N/A       1%          2
 Static Discharge         Conj/Air       32%        3-5/arc   1%          2
 Kiss of Death            Conj/Necr      36%        2d8       2%          1
 Necrotise                Necr           32%        1d5       2%          1
 Searing Ray              Conj           18%        2d5       3%          2
 Sublimation of Blood     Necr           8%         N/A       4%          2
 Confusing Touch          Hex            16%        N/A       1%          3
 Inner Flame              Hex/Fire       19%        N/A       1%          3
 Ozocubu's Armour         Ice            24%        N/A       1%          3
 Sigil of Binding         Hex            16%        N/A       1%          3
 Summon Ice Beast         Ice/Summ       36%        N/A       1%          3
 Tukima's Dance           Hex            16%        N/A       1%          3
 Volatile Blastmotes      Fire/Tloc      54%        2d14      1%          3
 Airstrike                Air            11%        2d(2-18)  1%          4
 Animate Armour           Summ/Erth      46%        N/A       1%          4
 Dimensional Bullseye     Hex/Tloc       12%        N/A       1%          4
 Ignite Poison            Fire/Alch      22%        N/A       1%          4
 Iskenderun's Mystic Bla Conj/Tloc 21%            2d6        (+2d3     1%          4
 Passage of Golubria      Tloc           32%        N/A       1%          4
 Sticky Flame             Fire/Alch      22%        2d6       1%          4
 Summon Blazeheart Golem  Fire/Summ      27%        N/A       1%          4
 Martyr's Knell           Necr/Summ      20%        N/A       2%          4
 Dazzling Flash           Conj/Hex       26%        N/A       3%          3
 Hailstorm                Conj/Ice       19%        3d7       3%          3
 Leda's Liquefaction      Alch/Erth      9%         N/A       3%          4
 Petrify                  Alch/Erth      18%        N/A       3%          4
 Stone Arrow              Conj/Erth      24%        3d8       4%          3
 Alistair's Intoxication  Alch           14%        N/A       4%          5
 Flame Wave               Conj/Fire      16%        2d7       6%          4
 Fulminant Prism          Conj/Alch      8%         3d7       6%          4
 Fugue of the Fallen      Necr           8%         N/A       10%         3
 Vampiric Draining        Necr           8%         2d6       10%         3
 Silence                  Hex/Air        9%         N/A       10%         5
 Anguish                  Hex/Necr       6%         N/A       16%         4
 Metabolic Englaciation   Hex/Ice        12%        N/A       19%         5
 Arcjolt                  Conj/Air       8%         1d18      21%         5
 Freezing Cloud           Conj/Ice/Air   12%        6-21      21%         5
 Malign Gateway           Summ/Tloc      16%        N/A       22%         7
 Monstrous Menagerie      Summ           16%        N/A       22%         7
 Summon Hydra             Summ           16%        N/A       22%         7
 Lee's Rapid Deconstruct  Erth           7%         3d6*      28%         5
 Eringya's Noxious Bog    Alch           11%        4d6       30%         6
 Plasma Beam              Fire/Air       11%        2x1d22    30%         6
 Dispel Undead            Necr           8%         3d8       34%         4
 Borgnjor's Vile Clutch   Necr/Erth      5%         N/A       50%         5
 Sculpt Simulacrum        Ice/Alch       14%        N/A       52%         6
 Iskenderun's Battlesphe  Conj           9%         2d6       63%         5
 Curse of Agony           Necr           8%         N/A       73%         5
 Conjure Ball Lightning   Conj/Air       8%         3x3d6     77%         6
 Starburst                Conj/Fire      8%         6d4       77%         6
 Permafrost Eruption      Ice/Erth       11%        2x4d4     82%         6
 Disjunction              Tloc           16%        N/A       89%         8
 Summon Horrible Things   Summ           16%        N/A       89%         8
 Spellforged Servitor     Conj/Summ      10%        N/A       95%         7
 Bombard                  Conj/Erth      6%         9d2       96%         6
 Haunt                    Necr/Summ      10%        N/A       96%         7
 Death Channel            Necr           4%         N/A       100%        6
 Orb of Destruction       Conj           4%         9d5       100%        7
 Borgnjor's Revivificati  Necr           4%         N/A       100%        8
 Discord                  Hex            8%         N/A       100%        8
 Ignition                 Fire           11%        3d5       100%        8
 Lehudib's Crystal Spear  Conj/Erth      6%         10d3      100%        8
 Chain Lightning          Conj/Air       8%         3d10      100%        9
 Death's Door             Necr           4%         N/A       100%        9
 Fire Storm               Conj/Fire      8%         8d2       100%        9
 Shatter                  Erth           7%         3d9*      100%        9
 Animate Dead             Necr           Unusable   N/A       N/A         4

Dungeon Overview and Level Annotations

Branches:
Dungeon (15/15)            Temple (1/1) D:6            Lair (5/5) D:11
  Swamp (4/4) Lair:3       Spider (4/4) Lair:3        Slime (0/5) Lair:4
    Orc (2/2) D:11            Elf (3/3) Orc:2        Vaults (5/5) D:14
  Crypt (3/3) Vaults:3       Tomb (0/3) Crypt:3      Depths (4/4) D:15
    Zot (5/5) Depths:4      IceCv (visited)         Gauntlet (visited)

Altars:
Ashenzari
Cheibriados
Dithmenos
Elyvilon
Fedhas
Gozag
Hepliaklqana
Kikubaaqudgha
Makhleb
Nemelex Xobeh
Okawaru
Qazlal
Ru
Sif Muna
Trog
Uskayaw
Vehumet
Wu Jian
Xom
Yredelemnul
Zin
The Shining One
Beogh

Shops:
D:8 *   D:9 [   D:12 (   Orc:2 ?[([   Elf:1 ?   Elf:2 *   Elf:3 [   Lair:1 [[[
Vaults:1 [   Vaults:2 [   Vaults:3 *   Depths:1 *(=   Depths:4 =?:![:

Portals:
Hell: Depths:1 Depths:2 Depths:3 Depths:4
Abyss: Depths:1 Depths:3
Pandemonium: Depths:2 Depths:4
Ziggurat: Depths:4
Trove: Elf:1 (give +2 storm dragon scales)

Annotations:
D:4 1 runed translucent door, tmdwp1119's ghost, amateur MiFi
Elf:2 2 runed translucent doors


Innate Abilities, Weirdness & Mutations

You are amphibious.
You cover ground slowly.
You can hop long distances.
You have an extended range of vision and can be seen from far away.
Your spells are easier to cast, but less powerful.
Your movements are slightly less encumbered by armour. (ER -2)


Message History

The hellwing hits your lightning spire!
Your lightning spire is destroyed!
Your lightning spire disappears in a puff of smoke!
Ditenoy gores you.
You completely miss Ditenoy.
Ditenoy is almost dead.
Your dryad misses Ditenoy. You miss Ditenoy.
Ditenoy is almost dead.
A tree reaches out and hits the hellwing!
The forest calms down.
You block Ditenoy's attack. You block the neqoxec's attack.
You block the red devil's attack.
You slash Ditenoy!
Ditenoy convulses!!
You kill Ditenoy!
The hellwing disappears in a puff of smoke!
The neqoxec disappears in a puff of smoke!
The red devil disappears in a puff of smoke!
Training target 3.0 for Earth Magic reached!
Your Earth Magic skill increases to level 3!
A shadow demon comes into view.
You see here 17 gold pieces.
Casting: Vhi's Electric Charge (safe; 1% risk of failure)
Confirm with . or Enter, or press ? or * to list all spells.
Aiming: Vhi's Electric Charge (safe; 1% risk of failure)
Press: ? - help, Shift-Dir - straight line, f - shadow demon
Aim: a shadow demon (85% to hit)
You charge forward with an electric crackle!
You slice the shadow demon like a ripe choko and electrocute it!!!!
You kill the shadow demon!
You now have 1145 gold pieces (gained 5).
You swap places.
c - 4 throwing nets (gained 1)
You now have 1162 gold pieces (gained 17).
You now have 1170 gold pieces (gained 8).
Space becomes stable.
Your dryad disappears in a puff of smoke!
There is a staircase leading out of the dungeon here.
Okay, then.
Okay, then.
You have escaped!

#.##.# #.# #.# #.#
#.##.###.###.####### #.#
#.##...............####.#
#.##.##..###.#.......>..#
##.##.##..###.#####.######
...........##.# #.# ###
##.##.##...##.#################..
##.#...#......##................#
##.........#####@...##...##.....#
##.##.##.#.....#..............).#
###.#.#....)...################รท)
####...###.######.........##.....
...........# #(.#.######...#.#
#####.###### #..#.# #.......# #.#
#..#.# #.#...#.# #.# #..#.#
#.##.###. #.# #..#.# #.##.# ##


There were no monsters in sight!

Vanquished Creatures
  2 pandemonium lords
  3 orbs of fire
  3 ancient liches
  A juggernaut (Depths:4)
  Xtahua (Crypt:1)
  the Lernaean hydra (Swamp:4)
  Bai Suzhen (Vaults:4)
  3 Killer Klowns
  The ghost of Amyowus the Coglin Blade, a veteran CoGl of Okawaru (Vaults:3)
  6 golden dragons
  Saint Roka (Elf:3)
  A bone dragon (Depths:2)
  3 Brimstone Fiends
  The ghost of NahIdwin the Skinwalker, an adept OpSh of Gozag (Vaults:2)
  4 electric golems
  15 tentacled monstrosities
  A shard shrike skeleton (Crypt:1)
  An Ice Fiend (Zot:1)
  2 deep elf blademasters (Elf:3)
  A walking divine tome (Depths:2)
  9 liches
  2 walking earthen tomes
  8 quicksilver dragons
  3 titans
  14 Orb Guardians
  An Executioner (Zot:2)
  A sphinx (Vaults:4)
  2 deep elf master archers (Elf:3)
  3 tentacled starspawn
  6 ancient champions
  Frances (Swamp:2)
  A thorn hunter (Swamp:1)
  9 death cobs
  8 shadow dragons
  12 tengu reavers
  Aizul (Swamp:2)
  3 protean progenitors
  3 draconian monks
  14 storm dragons
  7 revenants
  3 deep elf sorcerers
  6 fire giants
  4 emperor scorpions
  2 fenstrider witches
  11 frost giants
  2 draconian knights (Depths:4)
  19 vault wardens
  Louise (Swamp:3)
  3 draconian shifters
  2 balrugs
  5 iron dragons
  5 orc warlords
  A draconian stormcaller (Depths:4)
  2 spectral juggernauts (Crypt:3)
  4 curse skulls
  A ghost moth (Zot:3)
  3 deep elf elementalists (Elf:3)
  A spriggan defender (Depths:3)
  28 very ugly things
  3 formless jellyfish
  4 draconian scorchers
  An angel (D:5)
  A juggernaut zombie (Depths:3)
  2 draconian annihilators (Zot:2)
  3 cacodemons (Vaults:2)
  5 reapers
  A ghoul (Crypt:1)
  4 broodmothers
  27 ironbound preservers
  9 stone giants
  6 deep elf demonologists
  8 green draconians
  2 eleionomae (Swamp:3)
  8 purple draconians
  5 black draconians (Zot:2)
  3 bunyips
  7 deep elf annihilators
  6 ironbound thunderhulks
  A lorocyproca (Depths:2)
  8 vampire knights
  A minotaur (Gauntlet)
  12 deep elf death magi
  7 war gargoyles
  12 dire elephants
  A blizzard demon (Zot:3)
  6 yellow draconians
  2 spark wasps
  A green death (D:8)
  8 ettins
  8 white draconians
  5 eidola
  Josephine (Orc:2)
  8 red draconians
  18 yaktaur captains
  2 entropy weavers (shapeshifter) (Vaults:2)
  5 deep elf high priests
  A spectral spriggan (Crypt:3)
  5 entropy weavers
  A rakshasa (Depths:3)
  6 fire dragons
  2 spectral golden dragons (Vaults:3)
  9 jiangshi
  8 great orbs of eyes
  20 hydras
  A spectral sphinx (Vaults:3)
  5 peacekeepers
  2 spriggan air magi
  40 vault guards
  2 catoblepae
  6 ice dragons
  A hell beast (Depths:2)
  A spectral shadow dragon (Crypt:3)
  3 ghost crabs
  A caustic shrike simulacrum (Depths:3)
  2 jorogumos
  17 ironbound frosthearts
  A spectral stone giant (Crypt:3)
  A deep troll shaman (Depths:4)
  9 two-headed ogres
  6 alligators
  10 centaur warriors
  A radroach (Spider:4)
  2 ogre magi (Vaults:5)
  2 death knights (Crypt:1)
  13 dancing weapons
  11 tengu warriors
  12 boulder beetles
  11 death yaks
  2 orc high priests (Vaults:3)
  10 deep troll earth magi
  8 vampire magi
  A spriggan berserker (Depths:4)
  10 hell knights
  12 demonic crawlers
  An occultist (Elf:1)
  10 deep elf knights
  2 wretched stars (Abyss:4)
  10 iron trolls
  A sixfirhy (Depths:4)
  17 shadow wraiths
  A soul eater (Crypt:2)
  10 pharaoh ants
  A spectral bunyip (Crypt:3)
  2 golden dragon zombies
  6 skysharks
  A spark wasp zombie (Crypt:3)
  10 goliath frogs
  31 skeletal warriors
  4 glowing orange brains
  A spectral anaconda (Lair:5)
  A cherub (Depths:4)
  A quicksilver dragon simulacrum (Depths:2)
  3 flayed ghosts
  3 sun moths
  A shining eye (shapeshifter) (Vaults:5)
  58 deep trolls
  7 bog bodies
  7 swamp dragons
  14 arcanists
  5 spriggan druids
  A tengu zombie (Depths:2)
  4 orb spiders
  2 obsidian statues
  18 ironbound convokers
  A shadow demon (D:1)
  2 mana vipers (shapeshifter)
  2 orange crystal statues
  31 phantasmal warriors
  A steelbarb worm (shapeshifter) (Depths:4)
  23 orc knights
  12 lindwurms
  3 spriggan simulacra (IceCv)
  15 deep elf archers
  7 harpies
  22 necromancers
  4 large abominations
  Pikel (D:7)
  9 steelbarb worms
  8 orc sorcerers
  28 deep elf zephyrmancers
  2 obsidian bats
  21 deep elf pyromancers
  54 ugly things
  2 fire giant zombies
  A stone giant zombie (Depths:1)
  2 moths of wrath (shapeshifter) (Vaults:2)
  30 moths of wrath
  2 manticores
  17 elephants
  15 wolf spiders
  7 cyclopes
  2 kobold blastminers
  15 meliai
  A worldbinder (Abyss:3)
  5 torpor snails
  A rust devil (Depths:4)
  A toenail golem (D:5)
  A black mamba (Lair:1)
  A torpor snail (shapeshifter) (Vaults:2)
  2 elephant slug zombies
  A water nymph (shapeshifter) (Vaults:5)
  A dire elephant zombie (Lair:5)
  A shock serpent zombie (Crypt:2)
  18 vault sentinels
  2 gargoyles (D:14)
  A titan simulacrum (Depths:2)
  2 unseen horrors (shapeshifter) (Vaults:2)
  An unseen horror (D:11)
  A hellion (D:4)
  16 cane toads
  2 rime drakes
  7 efreet
  14 yaktaurs
  2 tormentors (Depths:4)
  A swamp worm zombie (Crypt:2)
  A komodo dragon (shapeshifter) (Vaults:5)
  A spectral harpy (Crypt:3)
  19 freezing wraiths
  5 tengu conjurers
  2 ancient zymes
  A red devil (D:6)
  A golden dragon simulacrum (IceCv)
  8 trolls
  12 komodo dragons
  A purple draconian skeleton (Crypt:3)
  2 ice devils (IceCv)
  A bloated husk (Swamp:3)
  A spectral glowing shapeshifter (Vaults:3)
  A polar bear (shapeshifter) (Vaults:2)
  A queen bee (Abyss:4)
  A polar bear (Lair:2)
  12 tyrant leeches
  4 raiju (Abyss:3)
  A blink frog (shapeshifter) (D:14)
  A culicivora zombie (Crypt:1)
  A troll (shapeshifter) (D:14)
  8 hornets
  14 blink frogs
  Prince Ribbit (Lair:3)
  6 saltlings (Orc:2)
  A death drake skeleton (Crypt:3)
  3 dream sheep (Lair:4)
  16 tarantellas
  3 spriggan zombies
  A stone giant simulacrum (Depths:1)
  A fire dragon zombie (Crypt:1)
  A fire giant simulacrum (Vaults:3)
  20 jumping spiders
  A centaur simulacrum (D:14)
  A spriggan (shapeshifter) (Elf:2)
  13 shadows
  4 air elementals
  A frost giant simulacrum (Vaults:3)
  16 slime creatures
  18 culicivoras
  2 dire elephant simulacra (IceCv)
  11 wraiths
  8 basilisks
  9 spriggans
  10 water elementals
  6 wyverns
  38 yaks
  3 fire bats (Abyss:4)
  3 fire elementals
  6 wargs
  14 vampire mosquitoes
  39 redbacks
  Grum (D:8)
  A basilisk (shapeshifter) (D:15)
  A steam dragon (D:11)
  4 death yak simulacra
  5 chaos spawn
  4 minotaur simulacra (IceCv)
  2 small abominations (Abyss:3)
  3 spectral cane toads (Lair:5)
  11 swamp worms
  2 harpy simulacra (IceCv)
  An acid dragon (shapeshifter) (D:14)
  2 hell hounds
  2 acid dragons
  A naga (shapeshifter) (Depths:3)
  17 water moccasins
  A two-headed ogre skeleton (Crypt:2)
  4 hydra simulacra (D:12)
  A meliai simulacrum (D:14)
  3 tengu skeletons
  A glowing shapeshifter skeleton (Depths:2)
  3 sky beasts
  14 orc warriors
  A crocodile (shapeshifter) (D:15)
  2 ettin simulacra
  28 laughing skulls
  9 swamp drakes
  8 black bears
  6 ogres
  2 ice beasts
  2 elephant zombies (Lair:5)
  A boggart (Elf:1)
  21 centaurs
  20 wolves
  An elephant skeleton (Lair:5)
  2 elf simulacra (Vaults:3)
  11 weeping skulls
  15 bullfrogs
  3 kobold brigands
  A glowing shapeshifter simulacrum (Depths:1)
  An elf skeleton (Crypt:3)
  3 earth elementals
  2 warg zombies
  5 scorpions
  4 deep troll simulacra (IceCv)
  A gnoll sergeant (D:8)
  9 wights
  3 elephant simulacra
  10 killer bees
  A lindwurm simulacrum (IceCv)
  6 howler monkeys
  2 vampire bats (D:13)
  5 electric eels
  10 nameless horrors
  3 bombardier beetles
  3 hounds
  14 orc priests
  A centaur skeleton (Crypt:1)
  2 iguanas (D:6)
  Jessica (D:2)
  Terence (D:2)
  14 orc wizards
  5 hell rats
  An ogre zombie (Crypt:2)
  A boggart simulacrum (D:14)
  A hound skeleton (Crypt:1)
  6 gnolls
  3 river rats (Lair:4)
  10 adders
  A steam dragon skeleton (Crypt:1)
  3 shadow imps
  2 white imps
  3 hell rat simulacra (D:12)
  An ufetubus (D:6)
  A dart slug (D:5)
  6 ribbon worms
  68 orcs
  6 ball pythons
  8 bats
  A bat skeleton (Crypt:2)
  4 endoplasms
  5 giant cockroaches
  7 goblins
  7 hobgoblins
  7 jackals
  18 kobolds
  6 quokkas
  3 frilled lizards
  2 quokka skeletons (Crypt:3)
  10 rats
  A spectral orc (D:3)
  An aspiring flesh (Zot:3)
  A snaplasher vine (Depths:2)
  2 starspawn tentacles (Abyss:3)
2257 creatures vanquished.

Vanquished Creatures (collateral kills)
  A tentacled monstrosity (Zot:5)
  3 Orb Guardians (Zot:5)
  A revenant (Crypt:2)
  A fire giant (Depths:1)
  A draconian shifter (Zot:2)
  A frost giant (Depths:3)
  A ghost moth (Spider:3)
  A ghoul (Crypt:1)
  3 very ugly things
  A black draconian (Zot:5)
  2 dire elephants (Lair:5)
  A white draconian (Zot:5)
  A red draconian (Zot:5)
  A fire dragon (Zot:2)
  A rakshasa (Depths:2)
  A spriggan air mage (Depths:2)
  A jorogumo (Spider:4)
  2 hydras
  A spriggan skeleton (Depths:2)
  A two-headed ogre (Vaults:5)
  2 deep troll shamans
  A demonic crawler (Spider:4)
  An orc high priest (Orc:2)
  A spriggan (Swamp:4)
  3 deep trolls
  A sun moth (Spider:4)
  A flayed ghost (Depths:3)
  A swamp dragon (Swamp:4)
  An orb spider (Spider:3)
  A steelbarb worm (Spider:1)
  3 necromancers
  An orc knight (Vaults:3)
  A tengu zombie (Depths:1)
  A deep elf pyromancer (Elf:2)
  An obsidian bat (Orc:2)
  A deep elf zephyrmancer (Elf:1)
  An orc sorcerer (Orc:1)
  2 wolf spiders (Spider:4)
  An ugly thing (Depths:2)
  A meliai (Spider:4)
  A dire elephant zombie (Crypt:2)
  3 torpor snails
  A cane toad (Lair:5)
  A tyrant leech (Swamp:4)
  A blink frog (Lair:5)
  A hornet (Swamp:4)
  4 dream sheep (Lair:5)
  3 jumping spiders (Spider:3)
  2 yaks (Lair:5)
  2 wraiths (Orc:2)
  A water elemental (Depths:1)
  A warg (D:14)
  2 redbacks (Spider:3)
  An acid dragon (D:13)
  A glowing shapeshifter skeleton (Depths:1)
  An orc warrior (Orc:1)
  6 laughing skulls (Crypt:2)
  A glowing shapeshifter simulacrum (Vaults:3)
  An orc priest (Orc:1)
  A scorpion zombie (Crypt:2)
  4 orcs
  A kobold skeleton (Crypt:3)
92 creatures vanquished.

Vanquished Creatures (others)
  2 dread liches (Zot:5)
  2 ancient liches (Zot:5)
  A Killer Klown (Zot:5)
  2 tentacled monstrosities (Zot:5)
  11 Orb Guardians (Zot:5)
  A draconian knight (Zot:4)
  A fire giant (Vaults:5)
  A deep elf elementalist (Elf:3)
  A white draconian (Zot:5)
  An obsidian statue (Zot:5)
  2 deep elf zephyrmancers
  A necromancer (Vaults:1)
  A moth of wrath (Zot:5)
  A polar bear (shapeshifter) (Depths:2)
  3 bloated husks
  A water moccasin (D:6)
  A laughing skull (Crypt:2)
  A centaur (D:14)
  An orc wizard (D:14)
  An orc (D:6)
  21 blazeheart cores
  14 snaplasher vines
  18 spectral weapons
  5 starspawn tentacles (Abyss:3)
94 creatures vanquished.

Grand Total: 2443 creatures vanquished

Notes
Turn   | Place    | Note
-------+----------+-------------------------------------------
     0 | D:1      | sdynet the Barachi Warper began the quest for the Orb.
     0 | D:1      | Reached XP level 1. HP: 17/17 MP: 3/3
   133 | D:1      | Reached XP level 2. HP: 24/24 MP: 5/5
   232 | D:1      | Found a faded altar of an unknown god.
   802 | D:2      | Noticed Jessica
   803 | D:2      | Found a hide-covered altar of Uskayaw.
   811 | D:2      | Killed Jessica
   812 | D:2      | Reached XP level 3. HP: 18/31 MP: 6/6
   952 | D:2      | Reached skill level 5 in Fighting
   957 | D:2      | Reached XP level 4. HP: 34/39 MP: 7/7
   962 | D:2      | Learned a level 2 spell: Blink
   965 | D:2      | Learned a level 2 spell: Lesser Beckoning
   969 | D:2      | Learned a level 3 spell: Teleport Other
  1003 | D:2      | Identified the +3 spear of Pyop {freeze, rElec rN+ Int+3
                  | Dex+3}
  1227 | D:2      | Noticed Terence
  1241 | D:2      | Killed Terence
  1389 | D:2      | Reached XP level 5. HP: 35/46 MP: 8/8
  2358 | D:3      | Found a hazy altar of Hepliaklqana.
  2891 | D:4      | Found a runed translucent door.
  2892 | D:4      | Noticed tmdwp1119's ghost (amateur MiFi)
  2906 | D:4      | Noticed an ogre
  2936 | D:4      | Killed an ogre
  2937 | D:4      | Reached XP level 6. HP: 51/52 MP: 10/10
  3013 | D:4      | Learned a level 4 spell: Maxwell's Portable Piledriver
  3051 | D:4      | Noticed a black bear
  3056 | D:4      | Killed a black bear
  3057 | D:4      | Reached skill level 5 in Long Blades
  3146 | D:4      | Reached XP level 7. HP: 46/58 MP: 11/11
  3663 | D:5      | Entered Level 5 of the Dungeon
  4650 | D:5      | Reached XP level 8. HP: 52/64 MP: 8/12
  5447 | D:6      | Reached skill level 10 in Long Blades
  5796 | D:6      | Found a hide-covered altar of Uskayaw.
  6264 | D:6      | Reached XP level 9. HP: 65/69 MP: 10/13
  6369 | D:6      | Found a staircase to the Ecumenical Temple.
  6375 | Temple   | Entered the Ecumenical Temple
  6386 | Temple   | Became a worshipper of Gozag Ym Sagoz the Greedy
  6473 | D:6      | Found a basalt altar of Yredelemnul.
  6501 | D:6      | Reached skill level 1 in Stealth
  6901 | D:7      | Noticed Pikel
  6920 | D:7      | Killed Pikel
  7017 | D:7      | Reached skill level 5 in Translocations
  7139 | D:7      | Noticed a two-headed ogre
  7153 | D:7      | Killed a two-headed ogre
  7258 | D:7      | Reached XP level 10. HP: 69/79 MP: 12/17
  7472 | D:7      | Learned a level 4 spell: Vhi's Electric Charge
  7753 | D:7      | Reached skill level 5 in Spellcasting
  7753 | D:7      | Reached skill level 1 in Air Magic
  7767 | D:8      | Noticed Grum
  7829 | D:8      | Found Poboital's Demolitions Depot.
  7837 | D:8      | Bought a wand of warping (4) for 134 gold pieces
  8179 | D:8      | Reached skill level 1 in Evocations
  8225 | D:8      | Killed Grum
  8327 | D:8      | Found a radiant altar of Vehumet.
  8391 | D:8      | Found a white marble altar of Elyvilon.
  9631 | D:9      | Found Jeify's Armour Boutique.
  9685 | D:9      | Found a shadowy altar of Dithmenos.
  9885 | D:9      | Learned a level 2 spell: Jinxbite
 10173 | D:9      | Reached XP level 11. HP: 64/87 MP: 10/19
 10257 | D:9      | Reached skill level 1 in Hexes
 10357 | D:9      | Found the +7 mace of Variability {chaos, chaos arc}
 10494 | D:9      | Found a shimmering altar of Xom.
 10854 | D:9      | Reached skill level 1 in Shields
 11267 | D:10     | Entered Level 10 of the Dungeon
 11574 | D:10     | Reached skill level 2 in Shields
 11869 | D:10     | Noticed a two-headed ogre
 11923 | D:10     | Noticed a two-headed ogre
 11930 | D:10     | Killed a two-headed ogre
 12067 | D:10     | Reached skill level 3 in Shields
 12163 | D:10     | Found an ancient bone altar of Kikubaaqudgha.
 12333 | D:10     | Killed a two-headed ogre
 12660 | D:10     | Noticed a two-headed ogre
 12666 | D:10     | Killed a two-headed ogre
 12667 | D:10     | Reached skill level 4 in Shields
 13122 | D:11     | You fall into a shaft and drop 1 floor!
 13147 | D:12     | Reached skill level 10 in Fighting
 13298 | D:12     | Noticed a boulder beetle
 13325 | D:12     | Killed a boulder beetle
 13379 | D:12     | Reached XP level 12. HP: 87/97 MP: 19/21
 13420 | D:11     | Found a staircase to the Orcish Mines.
 13696 | D:11     | Reached skill level 5 in Shields
 14221 | D:11     | Found a staircase to the Lair.
 14509 | D:11     | Found the sphere of Battle
 14670 | D:12     | Found Towi Vith's Weapon Emporium.
 14699 | D:11     | Upgraded the game from 0.32-a0-868-g153ae1a to
                  | 0.32-a0-872-g59262bd
 15029 | D:12     | Got Rudurch's Encyclopedia of the Indurated Retinue
 15258 | Lair:1   | Entered Level 1 of the Lair of Beasts
 15261 | Lair:1   | Learned a level 1 spell: Apportation
 16252 | Lair:2   | Noticed a four-headed hydra
 16684 | Orc:1    | Entered Level 1 of the Orcish Mines
 16697 | D:11     | Reached skill level 6 in Shields
 16852 | D:12     | Noticed a boulder beetle
 16870 | D:12     | Killed a boulder beetle
 17071 | D:12     | Noticed a death yak
 17082 | D:12     | Killed a death yak
 17512 | D:13     | Noticed a centaur warrior
 17521 | D:13     | Killed a centaur warrior
 17522 | D:13     | Reached skill level 7 in Shields
 17551 | D:12     | Learned a level 4 spell: Summon Lightning Spire
 17599 | D:13     | Noticed a boulder beetle
 17599 | D:13     | Noticed a green very ugly thing
 17705 | Lair:1   | Bought the +8 scale mail of the Gate {Dex+3 Slay+3} for 978
                  | gold pieces
 17705 | Lair:1   | Bought a +0 buckler of protection for 161 gold pieces
 17924 | Lair:2   | Reached skill level 1 in Summonings
 17939 | Lair:2   | Gained mutation: You can hop long distances. [Barachi
                  | growth]
 17939 | Lair:2   | Reached XP level 13. HP: 109/109 MP: 25/25
 18432 | Lair:2   | Reached skill level 5 in Armour
 19060 | Lair:3   | Learned a level 2 spell: Ensorcelled Hibernation
 19097 | Lair:3   | Reached skill level 1 in Ice Magic
 19304 | Lair:3   | Found a glowing silver altar of Zin.
 19450 | Lair:3   | Found a hole to the Spider Nest.
 19759 | Lair:3   | Noticed Prince Ribbit
 19768 | Lair:3   | Killed Prince Ribbit
 19818 | Lair:3   | Found a staircase to the Swamp.
 20720 | Lair:4   | Reached skill level 10 in Armour
 20925 | Lair:4   | Found a staircase to the Slime Pits.
 20934 | Lair:4   | Found a gate leading to a gauntlet.
 20960 | Gauntlet | Entered a Gauntlet
 20960 | Gauntlet | Found a transporter.
 20960 | Gauntlet | Found a transporter.
 20963 | Gauntlet | Found a transporter.
 20963 | Gauntlet | Found a transporter.
 20965 | Gauntlet | Found a large runed translucent door.
 20966 | Gauntlet | Found a large runed translucent door.
 20967 | Gauntlet | Found a runed translucent door.
 20967 | Gauntlet | Found a runed translucent door.
 20967 | Gauntlet | Found a large runed translucent door.
 20967 | Gauntlet | Found a large runed translucent door.
 20968 | Gauntlet | Found a large runed translucent door.
 20969 | Gauntlet | Found a large runed translucent door.
 20969 | Gauntlet | Found a large runed translucent door.
 20969 | Gauntlet | Found a large runed translucent door.
 20969 | Gauntlet | Found a large runed translucent door.
 20969 | Gauntlet | Found a large runed translucent door.
 20970 | Gauntlet | Found a large runed translucent door.
 20971 | Gauntlet | Found a large runed translucent door.
 20972 | Gauntlet | Found a transporter.
 20979 | Gauntlet | Found a transporter.
 20985 | Gauntlet | Found a large runed translucent door.
 20985 | Gauntlet | Found a large runed translucent door.
 20985 | Gauntlet | Found a large runed translucent door.
 20985 | Gauntlet | Found a large runed translucent door.
 20986 | Gauntlet | Found a runed translucent gate.
 20986 | Gauntlet | Found a runed translucent gate.
 20986 | Gauntlet | Found a runed translucent gate.
 21003 | Gauntlet | Found a transporter.
 21004 | Gauntlet | Found a transporter.
 21057 | Gauntlet | Found a transporter.
 21070 | Gauntlet | Found a transporter.
 21076 | Gauntlet | Found a transporter.
 21171 | Gauntlet | Found a transporter.
 21185 | Gauntlet | Found a transporter.
 21190 | Gauntlet | Found a transporter.
 21275 | Gauntlet | Found a transporter.
 21275 | Gauntlet | Found a transporter.
 21441 | Gauntlet | Identified the amulet "Donerey" {Spirit rN++}
 21487 | Gauntlet | Noticed a minotaur
 21495 | Gauntlet | Identified the ring of Qapn {rC+ SInv}
 21521 | Gauntlet | Killed a minotaur
 21522 | Gauntlet | Reached skill level 5 in Air Magic
 21662 | Lair:4   | Reached XP level 14. HP: 116/116 MP: 23/27
 22264 | Lair:4   | Reached skill level 5 in Summonings
 22363 | Lair:5   | Entered Level 5 of the Lair of Beasts
 23733 | Lair:5   | Noticed a dire elephant
 23733 | Lair:5   | Noticed a dire elephant
 24065 | Lair:5   | Reached skill level 15 in Armour
 24168 | Lair:5   | Reached XP level 15. HP: 116/122 MP: 20/28
 24476 | Lair:5   | Reached skill level 8 in Shields
 25294 | Orc:1    | Found a roughly hewn altar of Beogh.
 25431 | Orc:1    | Paralysed by an orc sorcerer for 4 turns
 25681 | Orc:2    | Entered Level 2 of the Orcish Mines
 25815 | Orc:2    | Found a staircase to the Elven Halls.
 26043 | Orc:2    | Noticed Donald
 26045 | Orc:2    | Donald changed into Donald the fenstrider witch
 26045 | Orc:2    | Noticed Donald
 26055 | Orc:2    | Killed Donald the fenstrider witch
 26341 | Orc:2    | Noticed Josephine
 26365 | Orc:2    | Killed Josephine
 26441 | Orc:2    | Reached skill level 9 in Shields
 26694 | Orc:2    | Found Benoodde's Antique Armour Boutique.
 26711 | Orc:2    | Bought a cloak for 94 gold pieces
 26977 | Orc:2    | Found Miah's Distillery.
 26978 | Orc:2    | Found a roughly hewn altar of Beogh.
 26980 | Orc:2    | Found Haumuemo's Magic Scroll Boutique.
 26989 | Orc:2    | Bought a scroll of poison for 56 gold pieces
 27049 | Orc:2    | Found Xyzene's Antique Armour Shop.
 27344 | Orc:2    | Found Ajienn's Weapon Shoppe.
 28098 | D:13     | Identified the ring "Ebing" {Will+ Dex+3 SInv Stlth+}
 28127 | D:13     | Learned a level 3 spell: Swiftness
 28255 | D:13     | Reached skill level 10 in Shields
 28845 | D:13     | Reached XP level 16. HP: 124/134 MP: 27/29
 28876 | D:13     | Got the Compendium of the Vexing Dragon
 28929 | D:13     | Got the Essays on the Shining Pyromaniac
 29668 | D:14     | Identified the +0 leather armour "Quetya" {rPois rC+}
 29721 | D:14     | Found a gate to the Vaults.
 29737 | D:14     | Reached skill level 15 in Fighting
 30610 | D:15     | Entered Level 15 of the Dungeon
 30691 | D:15     | Reached skill level 11 in Shields
 31712 | D:15     | Reached skill level 10 in Translocations
 31896 | D:15     | Found a staircase to the Depths.
 32162 | Lair:1   | Bought masterwork swamp dragon scales for 2090 gold pieces
 32162 | Lair:1   | Identified the +9 swamp dragon scales "Ahiadaf" {Rampage
                  | ^Drain +Inv rElec rPois} (You bought it in a shop on level
                  | 1 of the Lair of Beasts)
 32263 | Swamp:1  | Entered Level 1 of the Swamp
 32611 | Swamp:1  | Reached skill level 10 in Spellcasting
 32799 | Swamp:1  | Noticed a thorn hunter
 32810 | Swamp:1  | Killed a thorn hunter
 33145 | Swamp:2  | Noticed Frances
 33153 | Swamp:2  | Killed Frances
 33154 | Swamp:2  | Reached XP level 17. HP: 80/144 MP: 14/31
 33586 | Swamp:2  | Identified the +2 leather armour of Keung {rCorr Stlth+}
 33835 | Swamp:2  | Reached skill level 12 in Shields
 33936 | Swamp:2  | Identified the serpent talisman of the Hanged Man {+Blink
                  | SInv}
 33936 | Swamp:2  | Noticed Aizul
 33960 | Swamp:2  | Killed Aizul
 35003 | Swamp:3  | Noticed Louise
 35028 | Swamp:3  | Learned a level 3 spell: Frozen Ramparts
 35163 | Swamp:3  | Killed Louise
 35547 | Swamp:4  | Entered Level 4 of the Swamp
 36267 | Swamp:4  | Noticed the 27-headed Lernaean hydra
 36282 | Swamp:4  | Killed the 27-headed Lernaean hydra
 36637 | Swamp:4  | Got a decaying rune of Zot
 37374 | Swamp:2  | Learned a level 4 spell: Olgreb's Toxic Radiance
 37452 | Spider:1 | Entered Level 1 of the Spider Nest
 37491 | Spider:1 | Reached skill level 1 in Alchemy
 37932 | Spider:1 | Reached XP level 18. HP: 84/130 MP: 12/33
 38146 | Spider:1 | Identified the +2 chain mail of Hubydeuj {^Drain SInv
                  | Stlth+}
 38233 | Spider:1 | Reached skill level 5 in Alchemy
 41243 | Spider:3 | Reached skill level 13 in Shields
 41396 | Spider:3 | Reached skill level 5 in Dodging
 43033 | Spider:4 | Entered Level 4 of the Spider Nest
 43362 | Spider:4 | Found a glacial archway.
 43397 | IceCv    | Entered an ice cave
 43531 | IceCv    | Learned a level 4 spell: Summon Blazeheart Golem
 43680 | IceCv    | Reached skill level 1 in Fire Magic
 44498 | Spider:4 | Reached skill level 5 in Fire Magic
 44761 | Spider:4 | Reached XP level 19. HP: 155/158 MP: 21/35
 44782 | Spider:4 | Learned a level 4 spell: Ignite Poison
 45198 | Spider:4 | Got a gossamer rune of Zot
 45876 | Spider:4 | Reached skill level 5 in Evocations
 46770 | Elf:1    | Entered Level 1 of the Elven Halls
 46773 | Elf:1    | Paralysed by an air elemental for 1 turns
 46776 | Elf:1    | Paralysed by an air elemental for 1 turns
 46780 | Elf:1    | Paralysed by an air elemental for 1 turns
 46815 | Elf:1    | Paralysed by an air elemental for 1 turns
 46884 | Elf:1    | Found Cuokekh's Magic Scroll Emporium.
 46895 | Elf:1    | Bought a scroll of revelation for 112 gold pieces
 46896 | Elf:1    | Found a portal to a secret trove of treasure.
 47352 | Elf:1    | Reached skill level 14 in Shields
 48226 | Abyss:3  | Cast into level 3 of the Abyss (a deep elf demonologist)
 48511 | Abyss:4  | Got an abyssal rune of Zot
 48556 | Elf:2    | Escaped the Abyss
 49520 | Elf:2    | Identified the +1 pair of boots of Dishonesty {^Drain rC+
                  | rCorr}
 49731 | Elf:2    | Paralysed by a deep elf pyromancer for 2 turns
 49741 | Elf:2    | Reached XP level 20. HP: 172/172 MP: 24/36
 49807 | Elf:2    | Identified the +3 ring mail of Dithmenos's Whim {rF+++
                  | rN+++ Dex-2}
 49867 | Elf:2    | Found Vedowu Afaki's Assorted Antiques.
 49917 | Elf:2    | Found a runed translucent door.
 50036 | Elf:2    | Found a runed translucent door.
 50290 | Elf:3    | Entered Level 3 of the Elven Halls
 50848 | Elf:3    | Reached skill level 15 in Shields
 50887 | Elf:3    | Noticed Saint Roka
 50902 | Elf:3    | Killed Saint Roka
 51087 | Elf:3    | Found Fouf's Armour Shoppe.
 51111 | Elf:3    | Reached skill level 15 in Long Blades
 51194 | Elf:3    | Identified the +0 scale mail of Lust {Harm Dex+5}
 51726 | Elf:3    | Identified the +1 leather armour "Cikhyv" {Str-2 Dex+5}
 52512 | Elf:3    | Identified the amulet "Wuduf" {Spirit Int+6}
 52512 | Elf:3    | Identified the +5 scimitar of Ximoto {freeze, rF+ rC++
                  | Dex-5 Stlth+}
 52589 | Elf:3    | Identified the +1 trident "Fumyseuh" {heavy, Str+2 Dex+3}
 52841 | Elf:3    | Identified the amulet of Disaster {rF+ Regen+ RegenMP+
                  | Slay+3}
 53246 | Elf:3    | Got the Atlas of Actinic Shifting
 53247 | Elf:3    | Identified the +2 pair of gloves "Dyir" {Will+ Regen+
                  | Slay-6}
 53254 | Elf:3    | Identified the staff "Elaahah" {rPois rF- rCorr Dex+7
                  | Alchemy}
 53264 | Elf:3    | Identified the +3 shortbow of Instinct {flame, rN+ Int+3
                  | SInv}
 53865 | Vaults:1 | Entered Level 1 of the Vaults
 54167 | Vaults:1 | Found a transporter.
 54223 | Vaults:1 | Found a transporter.
 54801 | Vaults:1 | Found Binollo's Armour Emporium.
 54810 | Vaults:1 | Bought the -2 hat of the Alchemist {rElec rPois rF+ rC+ rN+
                  | Will+ rMut rCorr} for 849 gold pieces
 54810 | Vaults:1 | Found the -2 hat of the Alchemist {rElec rPois rF+ rC+ rN+
                  | Will+ rMut rCorr}
 55194 | Elf:2    | Bought a polished chain mail for 380 gold pieces
 55194 | Elf:2    | Identified the +2 chain mail "Guoruamm" {Regen+} (You
                  | bought it in a shop on level 2 of the Elven Halls)
 56200 | Vaults:1 | Reached XP level 21. HP: 176/182 MP: 24/38
 56932 | Vaults:1 | Identified the +0 helmet of the Bagpipe {rC+ rCorr}
 57239 | Vaults:2 | Found Nixkoh's Armour Emporium.
 57340 | Vaults:2 | Found a runed translucent gate.
 57341 | Vaults:2 | Found a runed translucent gate.
 57341 | Vaults:2 | Found a runed translucent gate.
 57503 | Vaults:2 | Identified the +1 long sword of Fate {antimagic, +Blink
                  | rElec Will- Str+5 Dex-4}
 57901 | Vaults:2 | Reached skill level 10 in Dodging
 58050 | Vaults:2 | Reached skill level 16 in Shields
 58205 | Vaults:2 | Learned a level 5 spell: Summon Forest
 58775 | Vaults:2 | Reached XP level 22. HP: 190/190 MP: 26/39
 58784 | Vaults:2 | Found a runed translucent gate.
 58784 | Vaults:2 | Found a runed translucent gate.
 58788 | Vaults:2 | Found a runed translucent gate.
 58800 | Vaults:2 | Noticed NahIdwin's ghost (adept OpSh)
 58936 | Vaults:2 | Gained mutation: Your spells are a little easier to cast,
                  | but a little less powerful. [a cacodemon]
 58952 | Vaults:2 | Killed NahIdwin's ghost
 58980 | Vaults:2 | Identified the +1 pair of boots "Qeepig" {rF+ SInv}
 59313 | Vaults:3 | Found a staircase to the Crypt.
 59593 | Vaults:3 | Found Keucaes's Assorted Antiques.
 59601 | Vaults:3 | Bought a twitching garnet amulet for 135 gold pieces
 59601 | Vaults:3 | Identified the amulet of Wemnust {rF+ RegenMP+} (You bought
                  | it in a shop on level 3 of the Vaults)
 59601 | Vaults:3 | Bought a wavering ivory amulet for 135 gold pieces
 59601 | Vaults:3 | Identified the amulet "Raitof" {Acrobat Int+3 Dex-3 Slay+5}
                  | (You bought it in a shop on level 3 of the Vaults)
 59607 | Vaults:3 | Bought a potion of brilliance for 108 gold pieces
 59636 | Vaults:3 | Reached skill level 17 in Shields
 59937 | Vaults:3 | Found a runed translucent gate.
 59937 | Vaults:3 | Found a runed translucent gate.
 59937 | Vaults:3 | Found a runed translucent gate.
 59938 | Vaults:3 | Noticed Amyowus's ghost (veteran CoGl)
 59969 | Vaults:3 | Killed Amyowus's ghost
 60767 | Vaults:4 | Reached skill level 15 in Dodging
 61051 | Vaults:4 | Noticed Bai Suzhen
 61070 | Vaults:4 | Killed Bai Suzhen
 61098 | Vaults:4 | Reached skill level 18 in Shields
 61288 | Vaults:4 | Reached XP level 23. HP: 196/196 MP: 34/40
 62225 | Depths:1 | Entered Level 1 of the Depths
 62298 | Depths:1 | Reached skill level 19 in Shields
 62321 | Depths:1 | Found a gateway to Hell.
 62496 | Depths:1 | Found Rophioss's Jewellery Emporium.
 62502 | Depths:1 | Found Ykearrus's Weapon Shoppe.
 62502 | Depths:1 | Found Qaaf's General Store.
 62514 | Depths:1 | Found a one-way gate to the infinite horrors of the Abyss.
 62650 | Depths:1 | Found a shimmering blue altar of Sif Muna.
 63298 | Depths:2 | Reached skill level 20 in Shields
 63571 | Depths:2 | Found a one-way gate leading to the halls of Pandemonium.
 64632 | Depths:3 | Reached XP level 24. HP: 205/205 MP: 40/40
 64701 | Depths:3 | Identified the +0 ring mail "Simeh" {Will- Str+2 Stlth+}
 64776 | Depths:3 | Identified the +5 longbow "Ovvymyus" {flame, Will++ Int+3
                  | SInv}
 64829 | Depths:3 | Found an ornate altar of the Wu Jian Council.
 65092 | Depths:4 | Entered Level 4 of the Depths
 65094 | Depths:4 | Found a one-way gateway to a ziggurat.
 65239 | Depths:4 | Noticed a juggernaut
 65248 | Depths:4 | Killed a juggernaut
 66007 | Depths:4 | Got the Monograph on Created Interference
 66480 | Depths:4 | Found a gate to the Realm of Zot.
 66531 | Depths:4 | Reached skill level 21 in Shields
 66729 | Depths:4 | Bought a potion of heal wounds for 110 gold pieces
 66729 | Depths:4 | Bought 2 potions of invisibility for 352 gold pieces
 66729 | Depths:4 | Bought a potion of resistance for 220 gold pieces
 66729 | Depths:4 | Bought a potion of attraction for 66 gold pieces
 66729 | Depths:4 | Bought a potion of attraction for 66 gold pieces
 66808 | Depths:1 | Bought a scroll of blinking for 82 gold pieces
 66972 | Orc:2    | Bought a scroll of blinking for 105 gold pieces
 66979 | Orc:2    | Learned a level 6 spell: Gell's Gavotte
 67291 | Crypt:1  | Entered Level 1 of the Crypt
 67294 | Crypt:1  | Identified the +2 pair of gloves of Shadows and Fog {rF+
                  | rCorr Str+4 Slay-2}
 68675 | Crypt:2  | Noticed Xtahua
 68754 | Crypt:1  | Killed Xtahua
 68997 | Crypt:1  | Found a basalt altar of Yredelemnul.
 69073 | Crypt:2  | Identified the +2 robe "Qynkiaz" {Str+2}
 69260 | Crypt:3  | Entered Level 3 of the Crypt
 69260 | Crypt:3  | Found a basalt altar of Yredelemnul.
 69363 | Crypt:3  | Reached XP level 25. HP: 214/214 MP: 37/40
 69496 | Crypt:3  | Found a staircase to the Tomb.
 70041 | Crypt:2  | Reached skill level 22 in Shields
 70100 | Crypt:2  | Identified the +8 mace "Ogre's Death Toll" {speed, rF-
                  | Will+ rCorr Dex+2}
 70646 | Crypt:3  | Found a basalt altar of Yredelemnul.
 70770 | Crypt:3  | Got the Codex of Despair
 70771 | Crypt:3  | Identified the ring of Okawaru, Cursing {rElec rC+ rN++
                  | Str+6}
 70771 | Crypt:3  | Identified the ring of Tulips {Ice rN++ Will+ Dex+3}
 71318 | Vaults:5 | Entered Level 5 of the Vaults
 71484 | Vaults:5 | Identified the +0 scale mail of Lilacs {+Inv SInv}
 71530 | Vaults:5 | Identified the +7 quarterstaff of Kuib {spect, ^Fragile
                  | rPois Str+4 Stlth-}
 71554 | Vaults:5 | Identified the ring "Reew" {rElec rCorr MP+9 Str+5 Int-5}
 71563 | Vaults:5 | Got the Cyclopedia of Decomposition and Imprecation
 72092 | Vaults:5 | Identified the +1 falchion of Disintegration {protect,
                  | ^Contam MP+9 Int+4}
 72128 | Vaults:5 | Reached skill level 23 in Shields
 72130 | Vaults:5 | Reached skill level 15 in Spellcasting
 72387 | Vaults:5 | Reached XP level 26. HP: 222/222 MP: 42/42
 72488 | Vaults:5 | Gained mutation: Your spells are easier to cast, but less
                  | powerful. [a shining eye]
 72489 | Vaults:5 | Gained mutation: You are weak. (Str -2) [a shining eye]
 72672 | Vaults:5 | Reached skill level 24 in Shields
 72765 | Vaults:5 | Identified the +0 pearl dragon scales of Wiekoado {rF+ rC+
                  | rN+}
 72918 | Vaults:5 | Got a silver rune of Zot
 73039 | Vaults:5 | Identified the +9 glaive "Najorch" {speed, rC+}
 73209 | Vaults:5 | Identified the amulet of Ynyngint {Reflect +Blink +Inv rN+
                  | Will+ SH+5}
 73618 | Depths:4 | Learned a level 6 spell: Dispersal
 73619 | Zot:1    | Entered Level 1 of the Realm of Zot
 73871 | Zot:1    | Reached skill level 25 in Shields
 74229 | Zot:1    | You fall into a shaft and drop 1 floor!
 74421 | Zot:2    | Reached skill level 5 in Stealth
 74611 | Zot:1    | Identified the +1 rapier "Ologaid" {elec, rF+ Int+2}
 75322 | Zot:2    | Noticed an orb of fire
 75328 | Zot:2    | Gained mutation: You occasionally lose the ability to read
                  | scrolls when taking damage. [an orb of fire]
 75344 | Zot:2    | Killed an orb of fire
 75464 | Zot:2    | Identified the amulet "Lamed" {Reflect +Blink MP-9 SH+5
                  | SInv}
 75505 | Zot:2    | Reached skill level 26 in Shields
 76107 | Zot:3    | Noticed an orb of fire
 76130 | Zot:3    | Killed an orb of fire
 76131 | Zot:3    | Reached XP level 27. HP: 228/228 MP: 42/42
 76843 | Zot:3    | Reached skill level 27 in Shields
 76968 | Zot:2    | Lost mutation: You are weak. (Str -2) [potion of mutation]
 76968 | Zot:2    | Lost mutation: You occasionally lose the ability to read
                  | scrolls when taking damage. [potion of mutation]
 76968 | Zot:2    | Gained mutation: Your movements are slightly less
                  | encumbered by armour. (ER -2) [potion of mutation]
 77648 | Zot:3    | Noticed an ancient lich
 77658 | Zot:3    | Killed an ancient lich
 78943 | Zot:5    | Entered Level 5 of the Realm of Zot
 79064 | Zot:4    | Reached skill level 10 in Summonings
 79198 | Zot:5    | Noticed an orb of fire
 79323 | Zot:5    | Noticed an ancient lich
 79347 | Zot:4    | Killed an orb of fire
 79485 | Zot:5    | Killed an ancient lich
 79533 | Zot:5    | Noticed a dread lich
 79649 | Zot:5    | Killed a dread lich
 79792 | Zot:5    | Noticed an ancient lich
 79813 | Zot:5    | Noticed an ancient lich
 79820 | Zot:5    | Killed an ancient lich
 79926 | Zot:5    | Noticed an orb of fire
 79941 | Zot:5    | Noticed an orb of fire
 79975 | Zot:5    | Killed a dread lich
 79977 | Zot:5    | Killed an ancient lich
 80092 | Zot:5    | Got the Orb of Zot
 80239 | Zot:2    | Noticed Loigiag the pandemonium lord
 80250 | Zot:2    | Killed Loigiag the pandemonium lord
 80266 | Zot:2    | Noticed Zaij Wum the pandemonium lord
 80266 | Zot:2    | Noticed an ancient lich
 80416 | Depths:4 | Learned a level 6 spell: Summon Cactus Giant
 80466 | Depths:2 | Learned a level 3 spell: Passwall
 80573 | D:12     | Reached skill level 1 in Earth Magic
 80866 | D:1      | Noticed Ditenoy the pandemonium lord
 80885 | D:1      | Killed Ditenoy the pandemonium lord
 80900 | D:$      | Escaped with the Orb!

Illustrated notes

Levels and vault maps discovered:
D:1:      wheals_arrival_shading, layout_loops_ring,
          ebering_ecumenical_altar_rust
D:2:      layout_rooms, basic_altar, uniq_terence, uniq_jessica
D:3:      layout_loops_ring, nicolae_hepliaklqana_monster_ancestors,
          minmay_misc_feat_five
D:4:      layout_basic, ebering_ghost_reflecting_pool
D:5:      layout_basic, serial_glass, glass_columns_a, glass_columns_b,
          item_on_display_a, hangedman_decor_peaks_small, blue_anna_alchemist
D:6:      layout_gridville, mainiacjoe_overflow_brackets, kennysheep_mini_moat,
          minmay_temple_entry_hall, minmay_joined_circles
D:7:      layout_gridville, serial_bayou_pond_e, uniq_pikel
D:8:      layout_loops_ring, old_standard_altar, elyvilon_altar_1,
          grunt_ministairs_8, nicolae_blasting_shop, uniq_grum
D:9:      cheibrodos_helix_gallery, layout_loops_corners, lemuel_crystal_altar,
          serial_shops, nicolae_diamond_shop, grunt_ministairs_5,
          minmay_guarded_unrand_variability
D:10:     layout_loops_ring, kiku_gazebo_pond_becter, minmay_quadrilaterals
D:11:     layout_basic, erik_lair_dragon, orc_0_dummy,
          hellmonk_guarded_unrand_sphere_of_battle
D:12:     layout_cross, serial_shops, shop, eino_house_with_fridge
D:13:     minmay_cut_squares, layout_irregular_city,
          minmay_large_rounded_square, nrook_campfire, roderic_batcave
D:14:     layout_rooms, lightli_vaults_fourway_checkpoint,
          infiniplex_staircase_star, serial_ice, serial_ice_g, serial_ice_h,
          serial_ice_d, serial_ice_b, serial_ice_a, serial_ice_e,
          kennysheep_doodads
D:15:     hellmonk_depths_entry_around_the_bend, layout_basic,
          serial_park_square3 [serial_park_minivault_5x5_7]
Temple:   hellmonk_temple_two_chambers
Lair:1:   layout_loops_ring
Lair:2:   layout_roguey, beast_lair_carwin_1
Lair:3:   layout_regular_city, minmay_swamp_entry_eels,
          spider_nest_entry_funnel_web, basic_altar, infiniplex_staircase_pool,
          uniq_prince_ribbit2
Lair:4:   layout_regular_city, dpeg_slime_entry_enclosed,
          gauntlet_entry_generic, kennysheep_abandoned_house,
          serial_bayou_shore_a
Lair:5:   due_jungle_book, layout_long_grid
Swamp:1:  layout_basic_swamp, nicolae_swamp_bean_lake, swamp_pool_3
Swamp:2:  layout_basic_swamp, evilmike_swamp_ruin_house_1, uniq_aizul,
          uniq_frances
Swamp:3:  layout_basic_swamp, evilmike_swamp_ruin_house_4, swamp_pool_3,
          ldierk_geyser, nicolae_swamp_tree_isthmus, uniq_louise
Swamp:4:  swamp_old_school, layout_basic_swamp, infiniplex_staircase_pool_2
Spider:1: layout_spider_delve
Spider:2: layout_spider_delve
Spider:3: layout_cave_pods, nicolae_crawler_farm
Spider:4: hellmonk_spider_rune_bug_friends, portal_ice_cave_entry_pillars_three,
          beargit_elvish_explorers
Orc:1:    layout_caves, basic_altar
Orc:2:    hellmonk_orc_salted, layout_caves, serial_shops,
          nicolae_shop_peninsula, uniq_josephine, uniq_donald
Elf:1:    nicolae_elf_arrival_aired_out, layout_rooms, enter_trove_0,
          serial_shops, shop, hangedman_elf_disciples, nicolae_elf_m_pinch,
          minivault_14
Elf:2:    elven_hall_of_blades_hangedman_original
          [nicolae_blade_entry_splitting_headache], layout_gridlike,
          serial_shops, nicolae_shop_just_a_little_nook, grunt_megastairs_1
Elf:3:    elf_hall, layout_rooms, serial_shops, nicolae_shop_tiny_glass,
          uniq_saint_roka
Vaults:1: nicolae_vaults_wrenched, gammafunk_the_bubble
          [the_bubble_gammafunk_grid], vaults_room_fancy_cross, v_misc_1,
          nicolae_vaults_twisting_passages, nicolae_vaults_little_squares_5,
          v_misc_27, nicolae_vaults_oval_intersection, v_misc_3,
          nicolae_vaults_rhombus_6, nicolae_vaults_little_squares_2,
          layout_vaults_omnigrid, serial_shops, shop
Vaults:2: ploomutoo_gammafunk_ghost_potion_laboratory,
          nicolae_vaults_diagonal_hallway_8,
          nicolae_vaults_taking_the_gang_shopping, ontoclasm_vaults_fault,
          ontoclasm_vaults_ring_large, vaults_mumra_hex,
          dpeg_vaults_pockets_of_resistance, nicolae_vaults_inception_corners,
          v_misc_1, grunt_vaults_hallway_short,
          nicolae_vaults_storage_room_water, layout_vaults_omnibox
Vaults:3: gammafunk_ghost_necromancy, nicolae_vaults_double_plus_2,
          vaults_room_octagon, nicolae_vaults_network_square,
          nicolae_vaults_closet_pinwheel_6, v_rooms_3,
          nicolae_vaults_apartment_2, nicolae_vaults_shipping_containers_1,
          minmay_orc_keep, nicolae_vaults_prndl, nicolae_vaults_house_2,
          ontoclasm_vaults_pinch, nicolae_vaults_stairing_the_circle,
          lightli_orcish_oven, layout_vaults_maze_bifur, dummy_crypt_entry,
          serial_shops, shop
Vaults:4: nicolae_vaults_trapezoid_lopsided_2, vaults_room_large_hall,
          nicolae_vaults_stepped_doors, nicolae_vaults_enemy_cabinets,
          v_alt_pattern_6, v_rooms_2, vaults_room_grunt_arrival_ludios,
          nicolae_vaults_asterisk, nicolae_vaults_ninety_degrees,
          vaults_room_semicircle, v_misc_29, ontoclasm_vaults_shuriken,
          ontoclasm_vaults_ring_small, serial_library_hellmonk_semicircle,
          layout_vaults_omnicross, uniq_bai_suzhen
Vaults:5
Crypt:1:  layout_chaotic_city, lemuel_upstairs_altar
Crypt:2:  hangedman_hall_of_fallen_heroes, layout_rooms, uniq_xtahua
Crypt:3:  church_of_pain_bobbens, layout_chaotic_city, basic_altar,
          serial_library_hellmonk_room_a, minivault_27, st_stairs_3,
          minmay_misc_feat_ornament, serial_library_hellmonk_h_bend,
          amcnicky_mini_pool_small
Depths:1: layout_cave_pools, hell_entry, abyss_entry,
          hellmonk_sif_muna_bookshelves, minmay_shop_star
Depths:2: cheibrodos_birdhouse, layout_basic, grunt_mini_vestibule,
          rand_demon_pan_entry_4
Depths:3: evilmike_cross, layout_twisted_cross, hell_entry,
          hangedman_abyss_entry_splay, nicolae_wu_jian_wuxing_cycle
Depths:4: grunt_zot_entry_pinwheel, layout_basic, enter_ziggurat_f,
          pf_vacation_house_of_asmodeus, grunt_pan_entry_spiral, uniq_grunn
Zot:1:    layout_basic, hangedman_zot_gyre
Zot:2:    layout_misc_corridors, hangedman_snake_sidewinding
Zot:3:    layout_cathedral_of_symmetry, drop_trap, lemuel_lich_library
Zot:4:    layout_concentric_octagons
Zot:5:    layout_cathedral_of_symmetry, st_stairs_13

Skill      XL: |  1  2  3  4  5  6  7  8  9 10 11 12 13 14 15 16 17 18 19 20 21 22 23 24 25 26 27 |
---------------+----------------------------------------------------------------------------------+-----
Fighting       | 3 4 5 6 7 8 10 12 14 15 16 17 18 19 20 21 | 21.4
Long Blades    | 4 5 8 11 12 13 14 16 17 18 19 20 | 20.0
Spellcasting   | 3 4 5 6 8 9 10 11 12 13 15 17 | 17.2
Translocations | 4 5 6 8 9 10 11 12 | 12.0
Stealth        | 3 4 6 |  6.0
Air Magic      | 3 4 5 6 7 |  7.0
Evocations     | 2 3 4 5 6 7 9 |  9.0
Dodging        | 3 4 6 11 16 17 | 17.0
Hexes          | 2 3 4 |  4.0
Shields        | 4 7 10 11 12 13 14 15 16 18 20 21 23 26 27 | 27.0
Summonings     | 1 4 6 7 9 12 | 12.0
Armour         | 2 10 15 16 17 18 19 20 21 22 24 | 24.3
Ice Magic      | 3 4 |  4.0
Alchemy        | 4 7 |  7.0
Fire Magic     | 5 7 |  7.0
Earth Magic    | 3 |  3.0
Throwing       | |  1.0
Conjurations   | |  0.5

Action                     |  1- 3 |  4- 6 |  7- 9 | 10-12 | 13-15 | 16-18 | 19-21 | 22-24 | 25-27 || total
---------------------------+-------+-------+-------+-------+-------+-------+-------+-------+-------++-------
  Melee: Falchion          |    17 |       |       |       |       |       |       |       |       ||    17
         Dagger            |    47 |   227 |   294 |   396 |   100 |       |       |       |       ||  1064
         Spear             |       |     4 |       |       |       |       |       |       |       ||     4
         Long sword        |       |       |       |   411 |   233 |       |       |       |       ||   644
         Scimitar          |       |       |       |       |   684 |  1394 |   765 |       |       ||  2843
         Rapier            |       |       |       |       |    43 |    63 |     2 |       |       ||   108
         Eudemon blade     |       |       |       |       |       |       |   528 |  1528 |  1180 ||  3236
         Demon blade       |       |       |       |       |       |       |       |       |   530 ||   530
   Fire: Sling             |    16 |       |       |       |       |       |       |       |       ||    16
  Throw: Dart              |       |       |    26 |    48 |    67 |    39 |    26 |     3 |     2 ||   211
         Javelin           |       |       |       |       |     3 |       |       |       |       ||     3
         Throwing net      |       |       |       |       |       |       |       |       |     1 ||     1
   Cast: Teleport Other    |       |       |     3 |       |     2 |     1 |     2 |       |       ||     8
         Maxwell's Portabl |       |       |     2 |    29 |    10 |    13 |     2 |     2 |     4 ||    62
         Blink             |       |       |     1 |     9 |     6 |     1 |     2 |     1 |     1 ||    21
         Vhi's Electric Ch |       |       |       |    15 |    11 |    59 |    31 |    22 |    52 ||   190
         Jinxbite          |       |       |       |    37 |    56 |    39 |     7 |       |       ||   139
         Apportation       |       |       |       |     2 |     4 |    28 |     1 |    15 |     4 ||    54
         Ensorcelled Hiber |       |       |       |       |    20 |     6 |       |       |       ||    26
         Summon Lightning  |       |       |       |       |    34 |    48 |    20 |     7 |     6 ||   115
         Lesser Beckoning  |       |       |       |       |     3 |     8 |     9 |     3 |    14 ||    37
         Frozen Ramparts   |       |       |       |       |       |    37 |    61 |    12 |     6 ||   116
         Olgreb's Toxic Ra |       |       |       |       |       |    68 |   141 |    62 |    21 ||   292
         Summon Blazeheart |       |       |       |       |       |     7 |    28 |       |       ||    35
         Ignite Poison     |       |       |       |       |       |       |    24 |    10 |     2 ||    36
         Summon Forest     |       |       |       |       |       |       |     5 |    40 |    17 ||    62
         Gell's Gavotte    |       |       |       |       |       |       |       |     2 |    32 ||    34
         Dispersal         |       |       |       |       |       |       |       |       |     4 ||     4
         Passwall          |       |       |       |       |       |       |       |       |     3 ||     3
 Invoke: Call Merchant     |       |       |       |     1 |       |     2 |       |     4 |     2 ||     9
         Potion Petition   |       |       |       |       |     1 |     2 |     3 |       |     2 ||     8
         Bribe Branch      |       |       |       |       |       |       |       |       |     2 ||     2
Ability: Hop               |       |       |     4 |       |     2 |     2 |       |     4 |       ||    12
         Evoke Invisibilit |       |       |       |       |       |     1 |     1 |     2 |     1 ||     5
  Evoke: Wand              |       |       |    18 |    32 |    60 |    22 |     7 |     5 |     8 ||   152
         Lightning rod     |       |       |       |       |     6 |    16 |     8 |       |     8 ||    38
         Condenser vane    |       |       |       |       |       |       |     4 |     1 |     2 ||     7
         Phial of floods   |       |       |       |       |       |       |       |       |     2 ||     2
         Sack of spiders   |       |       |       |       |       |       |       |       |     1 ||     1
    Use: Scroll            |     3 |     3 |     8 |    12 |     8 |     9 |     9 |     7 |    14 ||    73
         Potion            |       |     2 |     1 |     6 |     7 |    14 |    17 |       |    12 ||    59
   Stab: Invisible         |       |       |     5 |     4 |       |     6 |     6 |     7 |    13 ||    41
         Sleeping          |       |       |     3 |     7 |    13 |    13 |     9 |    11 |     3 ||    59
         Distracted        |       |       |       |     2 |    26 |    21 |    13 |    27 |    50 ||   139
         Paralysed         |       |       |       |       |     3 |       |     5 |     5 |     7 ||    20
 Armour: Leather armour    |    51 |   109 |   198 |       |       |       |       |       |       ||   358
         Robe              |       |       |    11 |   405 |       |       |       |       |       ||   416
         Scale mail        |       |       |       |     8 |   821 |   224 |       |       |       ||  1053
         Swamp dragon scal |       |       |       |       |       |  1103 |   954 |   628 |   521 ||  3206
  Dodge: Dodged            |    38 |   128 |   181 |   492 |   460 |   681 |   580 |   839 |   568 ||  3967
  Block: Buckler           |       |       |       |   138 |   287 |   337 |   390 |    73 |       ||  1225
         Kite shield       |       |       |       |       |   167 |   511 |       |   811 |   745 ||  2234
         Reflection        |       |       |       |       |     2 |    24 |    21 |    16 |    19 ||    82
         Tower shield      |       |       |       |       |       |       |       |       |   390 ||   390

Table legend: (Time is in decaauts)
 A = Elapsed time spent in this place.
 B = Non-inter-level travel time spent in this place.
 C = Inter-level travel time spent in this place.
 D = Time resting spent in this place.
 E = Time spent auto-exploring this place.
 F = Levels seen in this place.
 G = Mean time per level.
                   A        B        C        D        E       F      G
               +--------+--------+--------+--------+--------+-----+--------+
         Total |  88824 |  76822 |  12002 |   4979 |  49967 |  55 | 1615.0 |
       Dungeon |  25774 |  21072 |   4702 |    884 |  15053 |  15 | 1718.3 |
        Temple |     24 |     15 |      9 |      0 |      0 |   1 |   24.0 |
          Lair |   8986 |   7769 |   1217 |    277 |   5122 |   5 | 1797.2 |
         Swamp |   5484 |   5007 |    477 |    230 |   3822 |   4 | 1371.0 |
   Spider Nest |   8785 |   7668 |   1117 |    248 |   5759 |   4 | 2196.2 |
  Orcish Mines |   2811 |   2467 |    344 |     51 |   1845 |   2 | 1405.5 |
   Elven Halls |   6915 |   6386 |    529 |    915 |   4143 |   3 | 2305.0 |
        Vaults |  11155 |   9770 |   1385 |   1016 |   5079 |   5 | 2231.0 |
         Crypt |   4277 |   3845 |    432 |    314 |   2257 |   3 | 1425.7 |
        Depths |   6070 |   5192 |    878 |    572 |   2730 |   4 | 1517.5 |
           Zot |   6547 |   5639 |    908 |    302 |   3547 |   5 | 1309.4 |
         Abyss |    285 |    285 |      0 |     11 |     70 |   2 |  142.5 |
      Ice Cave |   1050 |   1050 |      0 |    157 |    251 |   1 | 1050.0 |
      Gauntlet |    656 |    656 |      0 |      0 |    285 |   1 |  656.0 |
               +--------+--------+--------+--------+--------+-----+--------+

Top non-repeatable levels by time:
    D:11: 4229 daAuts
   Elf:3: 3050 daAuts
Vaults:1: 2778 daAuts
Spider:3: 2636 daAuts
Spider:1: 2621 daAuts
     D:9: 2464 daAuts
Depths:4: 2461 daAuts
Vaults:3: 2279 daAuts
Vaults:2: 2273 daAuts
Spider:4: 2045 daAuts
   Orc:2: 2040 daAuts
Vaults:5: 2025 daAuts
   Elf:1: 2023 daAuts
    D:12: 1978 daAuts
  Lair:5: 1963 daAuts
